 Dungeon Crawl Stone Soup version 0.30.1-4-g462c640d31 (webtiles) character file.

Game seed: 16923674688909346365

5392 Babbit the Cleaver (level 10, -2/88 HPs)
             Began as a Minotaur Fighter on Aug 11, 2023.
             Was an Elder of Okawaru.
             Slain by an orc warrior
             ... wielding a +0 bardiche
              (13 damage)
             ... in a bailey.
             The game lasted 00:32:32 (8406 turns).

Babbit the Cleaver (Minotaur Fighter)               Turns: 8406, Time: 00:32:34

Health: -2/88      AC: 16    Str: 25    XL:     10   Next: 39%
Magic:  9/9        EV: 12    Int:  5    God:    Okawaru [****..]
Gold:   542        SH:  6    Dex: 16    Spells: 9/9 levels left

rFire   + . .        g - +0 war axe (heavy)
rCold   . . .        c - +0 buckler
rNeg    . . .        v - +4 scale mail of Past Mistakes {+Blink rF+ Will+++ Stlth-}
rPois   .            (helmet restricted)
rElec   .            M - +1 cloak
rCorr   .            e - +0 pair of gloves
SInv    .            (no boots)
Will    +++..        (no amulet) Stlth
                     D - +6 ring of dexterity
HPRegen 0.34/turn    E - ring of flight
MPRegen 0.11/turn

%: no passive effects
@: flying
A: horns 2, retaliatory headbutt
a: Renounce Religion, Evoke Blink, Heroism, Finesse


You were in a bailey.
You worshipped Okawaru.
Okawaru was greatly pleased with you.
You visited 2 branches of the dungeon, and saw 10 of its levels.
You also visited: Bailey.

You collected 542 gold pieces.

Inventory:

Hand Weapons
 g - a +0 heavy war axe (weapon)
 j - a +1 dagger of flaming
Missiles
 x - a silver boomerang (quivered)
Armour
 c - a +0 buckler (worn)
 e - a +0 pair of gloves (worn)
 q - a +3 chain mail of willpower
 v - the +4 scale mail of Past Mistakes (worn) {+Blink rF+ Will+++ Stlth-}
   (You found it on level 3 of the Dungeon)

   rF:        It protects you from fire.
   +Blink:    It lets you blink.
   Will:      It greatly increases your willpower.
   Stlth:     It makes you less stealthy.
 M - a +1 cloak (worn)
Jewellery
 D - a +6 ring of dexterity (left hand)
 E - a ring of flight (right hand)
Wands
 o - a wand of flame (35)
 B - a wand of polymorph (5)
 J - a wand of paralysis (9)
Scrolls
 a - 5 scrolls of teleportation
 b - a scroll of brand weapon {unknown}
 i - a scroll of amnesia
 l - a scroll of immolation {unknown}
 m - 2 scrolls of silence
 t - 3 scrolls of poison
 u - a scroll of magic mapping {unknown}
 w - a scroll of blinking {unknown}
 y - a scroll of torment {unknown}
 z - a scroll of fog {unknown}
 A - a scroll of noise {unknown}
 C - a scroll of vulnerability {unknown}
 H - a scroll of enchant weapon {unknown}
 I - 2 scrolls of identify
Potions
 d - 3 potions of might
 f - a potion of ambrosia
 h - 2 potions of mutation
 k - a potion of magic
 n - a potion of brilliance {unknown}
 p - 2 potions of heal wounds
 r - 5 potions of curing
 s - 2 potions of invisibility
 F - a potion of attraction {unknown}
 G - a potion of cancellation {unknown}
 L - a potion of flight {unknown}
Miscellaneous
 K - a condenser vane


   Skills:
 + Level 7.6 Fighting
 + Level 12.3 Axes
 + Level 3.0 Throwing
 + Level 9.2 Armour
 + Level 4.4 Dodging
 + Level 1.6 Stealth
 + Level 6.7 Shields


You had 9 spell levels left.
You didn't know any spells.
Your spell library contained the following spells:

 Spells                   Type           Power      Damage    Failure   Level
 Scorch                   Fire           0%         2d5       89%         2
 Vhi's Electric Charge    Tloc/Air       0%         N/A       98%         3
 Flame Wave               Conj/Fire      0%         2d4       100%        4
 Arcjolt                  Conj/Air       0%         1d10      100%        5
 Maxwell's Capacitive Co  Air            0%         ∞         100%        8
 Summon Cactus Giant      Summ           Unusable   N/A       N/A         6

Dungeon Overview and Level Annotations

Branches:
Dungeon (9/15)             Temple (1/1) D:5            Lair (0/5) D:8
 Bailey (1/1)
    Orc: D:9-12

Altars:
Gozag
Kikubaaqudgha
Okawaru
Trog
Vehumet
Wu Jian
The Shining One

Shops:
D:7 *


Innate Abilities, Weirdness & Mutations

You have a pair of horns on your head.
You reflexively headbutt those who attack you in melee.


Message History

You block the orc warrior's attack.
You hit the orc warrior.
The orc warrior is lightly wounded.
You block the orc warrior's attack.
The orc warrior hits you but does no damage.
The orc warrior hits you with a +0 spear.
The orc warrior hits you but does no damage.
The orc warrior closely misses you.
You slash the orc warrior!
The orc warrior is severely wounded.
You closely miss the orc. The orc closely misses you.
The orc warrior barely misses you.
The orc warrior hits you from afar with a +0 bardiche.
You block the orc warrior's attack.
You slash the orc warrior!
You kill the orc warrior!
Okawaru accepts your kill.
You slice the orc!!
You kill the orc!
Okawaru accepts your kill. The orc warrior misses you.
You block the orc warrior's attack.
You hit the orc. Your headbutt misses the orc.
The orc is lightly wounded.
You block the orc warrior's attack. The orc warrior misses you.
You block the orc's attack.
The orc warrior hits you from afar with a +0 trident!
* * * LOW HITPOINT WARNING * * *
The orc warrior misses you. You block the orc's attack.
You closely miss the orc.
The orc is lightly wounded.
You block the orc warrior's attack.
The orc warrior hits you but does no damage.
You block the orc's attack.
You slash the orc!
You kill the orc!
Okawaru accepts your kill.
The orc warrior hits you from afar with a +0 trident!
* * * LOW HITPOINT WARNING * * *
The orc warrior hits you from afar with a +0 bardiche!
You die...

###### ############
#.....## ##..))....∩.# #
.....######...))#......
+...##..#@...#...)###.....
+....8oo))...'.....8.....∩
+...##.o#)...#....###.....
# .....######.....#......
#.....## ##........∩.#
###### ############


You could see 2 orc warriors and an orc.

Vanquished Creatures
  A two-headed ogre (D:8)
  A troll (D:9)
  Prince Ribbit (D:6)
  A wyvern (D:8)
  5 basilisks (D:8)
  4 yaks (D:9)
  Eustachio (D:4)
  A steam dragon (D:7)
  4 orc warriors (Bailey)
  3 ice beasts
  An ogre (D:6)
  2 centaurs
  A kobold brigand (D:5)
  2 bullfrogs
  4 wights (D:8)
  6 killer bees (D:8)
  A howler monkey (D:6)
  4 hounds
  4 orc priests
  Crazy Yiuf (D:7)
  2 jellies
  5 gnoll boudas
  Ijyb (D:5)
  3 iguanas
  4 orc wizards
  18 gnolls
  9 adders
  A shadow imp (D:7)
  A white imp (D:5)
  2 ufetubi
  2 dart slugs (D:2)
  42 orcs
  7 ball pythons
  10 endoplasms
  2 giant cockroaches (D:3)
  13 goblins
  7 hobgoblins
  3 jackals (D:3)
  2 quokkas
  4 bats
  7 frilled lizards
  15 kobolds
  4 rats
212 creatures vanquished.

Vanquished Creatures (others)
  A swamp drake (D:8)
1 creature vanquished.

Grand Total: 213 creatures vanquished

Notes
Turn   | Place    | Note
-------+----------+-------------------------------------------
     0 | D:1      | Babbit the Minotaur Fighter began the quest for the Orb.
     0 | D:1      | Reached XP level 1. HP: 19/19 MP: 0/0
   155 | D:1      | Reached XP level 2. HP: 22/27 MP: 1/1
   489 | D:1      | Found a faded altar of an unknown god.
   954 | D:2      | Reached skill level 3 in Axes
   954 | D:2      | Reached XP level 3. HP: 28/33 MP: 2/2
  1290 | D:2      | Reached XP level 4. HP: 40/40 MP: 3/3
  1922 | D:3      | Reached skill level 4 in Axes
  2084 | D:3      | Reached XP level 5. HP: 46/46 MP: 4/4
  2084 | D:3      | Identified the +4 scale mail of Past Mistakes {+Blink rF+
                  | Will+++ Stlth-}
  3208 | D:4      | Noticed Eustachio
  3255 | D:4      | Killed Eustachio
  3256 | D:4      | Reached skill level 5 in Axes
  3256 | D:4      | Reached skill level 5 in Armour
  3256 | D:4      | Reached skill level 1 in Dodging
  3256 | D:4      | Reached XP level 6. HP: 5/53 MP: 5/5
  4073 | D:5      | Entered Level 5 of the Dungeon
  4156 | D:5      | Reached skill level 6 in Axes
  4225 | D:5      | Noticed Ijyb
  4230 | D:5      | Reached XP level 7. HP: 58/60 MP: 6/6
  4230 | D:5      | Killed Ijyb
  4293 | D:5      | Reached skill level 5 in Fighting
  4437 | D:5      | Reached skill level 1 in Throwing
  4685 | D:5      | Found a staircase to the Ecumenical Temple.
  4698 | Temple   | Entered the Ecumenical Temple
  4712 | Temple   | Became a worshipper of Warmaster Okawaru
  4857 | D:5      | Found a glowing golden altar of the Shining One.
  5034 | D:6      | Reached skill level 7 in Axes
  5223 | D:6      | Reached skill level 5 in Shields
  5224 | D:6      | Reached XP level 8. HP: 51/69 MP: 7/7
  5612 | D:6      | Reached * piety under Okawaru
  5668 | D:6      | Reached skill level 8 in Axes
  5726 | D:6      | Noticed Prince Ribbit
  5733 | D:6      | Killed Prince Ribbit
  6028 | D:7      | Reached skill level 9 in Axes
  6092 | D:7      | Found a bloodstained altar of Trog.
  6115 | D:7      | Found Urimejal's Elemental Accessories.
  6288 | D:7      | Reached ** piety under Okawaru
  6366 | D:7      | Reached XP level 9. HP: 75/75 MP: 8/8
  6385 | D:7      | Found a runed translucent door.
  6386 | D:7      | Noticed Crazy Yiuf
  6390 | D:7      | Killed Crazy Yiuf
  6803 | D:8      | Reached skill level 10 in Axes
  7133 | D:8      | Reached skill level 1 in Stealth
  7275 | D:8      | Reached skill level 11 in Axes
  7324 | D:8      | Found a staircase to the Lair.
  7335 | D:8      | Reached *** piety under Okawaru
  7535 | D:8      | Noticed a two-headed ogre
  7544 | D:8      | Killed a two-headed ogre
  7545 | D:8      | Reached XP level 10. HP: 42/86 MP: 9/9
  7902 | D:8      | Found a radiant altar of Vehumet.
  8119 | D:9      | Reached skill level 12 in Axes
  8120 | D:9      | Reached **** piety under Okawaru
  8120 | D:9      | Received a gift from Okawaru
  8214 | D:9      | Found a flagged portal.
  8227 | Bailey   | Entered a bailey
  8406 | Bailey   | Slain by an orc warrior

Illustrated notes

Levels and vault maps discovered:
D:1:      dpeg_arrival_circle_labyrinth_b, layout_basic,
          ebering_ecumenical_altar_webs
D:2:      kennysheep_the_goblin_king, layout_basic
D:3:      wad_crossroads, layout_basic, chequers_arboretum,
          kennysheep_nondescript, corexii_item_surrounded_by_moat,
          amcnicky_mini_corridor_feature
D:4:      layout_basic, uniq_eustachio
D:5:      layout_loops_cross, tso_oasis_becter, minmay_temple_entry_sparse_star,
          uniq_ijyb
D:6:      layout_basic, dk_noncrumbling_4, patterned_corridor,
          uniq_prince_ribbit1
D:7:      layout_loops_ring, mainiacjoe_overflow_surrounded_room,
          chequers_serial_rivers_micro_c, nicolae_elemental_shop,
          uniq_crazy_yiuf_cottage
D:8:      layout_rooms, mainiacjoe_overflow_alcove_2, erik_lair_dragon,
          serial_aquarium, aquarium_bridge_island_small
          [aquarium_subvault_small_open, aquarium_subvault_window,
          aquarium_subvault_balcony, aquarium_subvault_bridge,
          aquarium_subvault_wall], aquarium_bridge_square
          [aquarium_subvault_balcony, aquarium_subvault_bridge,
          aquarium_subvault_bridge, aquarium_subvault_wall],
          aquarium_window_corridor_3, aquarium_window_2, aquarium_window_corner,
          aquarium_view_2a, aquarium_balcony_3a, st_stairs_14
D:9:      layout_basic, nicolae_dithmenos_through_a_glass_darkly,
          enter_bailey_5, minivault_21
Temple:   eino_temple_scatter_basement
Bailey:   bailey_polearm_5, bailey

Skill      XL: |  1  2  3  4  5  6  7  8  9 10 |
---------------+-------------------------------+-----
Armour         | 4 5 6 7 8 9 |  9.2
Shields        | 4 5 6 |  6.7
Axes           | 3 4 5 6 7 9 11 12 | 12.3
Fighting       | 4 5 6 7 |  7.6
Dodging        | 1 2 3 4 |  4.4
Throwing       | 1 2 3 |  3.0
Stealth        | 1 |  1.6

Action                     |  1- 3 |  4- 6 |  7- 9 | 10-12 || total
---------------------------+-------+-------+-------+-------++-------
  Melee: War axe           |    64 |   123 |   171 |    53 ||   411
         Headbutt          |     7 |    13 |    25 |     7 ||    52
  Throw: Boomerang         |       |     7 |    16 |     2 ||    25
    Use: Scroll            |     3 |     6 |     4 |     1 ||    14
   Stab: Confused          |       |       |     1 |       ||     1
 Armour: Scale mail        |    44 |   130 |    93 |    41 ||   308
         Chain mail        |       |    18 |       |       ||    18
  Dodge: Dodged            |    50 |    92 |   106 |    80 ||   328
  Block: Buckler           |    25 |    40 |    63 |    47 ||   175
